 Dungeon Crawl Stone Soup version 0.26.0-3-g156281e41b (webtiles) character file.

Game seed: 7761943915101604636

21920 EnegeticOcto the Cleaver (level 12, -1/112 HPs)
             Began as a Deep Dwarf Fighter on Jan 9, 2021.
             Was a High Priest of Makhleb.
             Slain by an ettin
             ... wielding a cursed +0 dire flail
              (20 damage)
             ... on level 1 of the Orcish Mines.
             The game lasted 00:07:06 (9031 turns).

EnegeticOcto the Cleaver (Deep Dwarf Fighter)       Turns: 9031, Time: 00:07:06

Health: -1/112     AC: 22    Str: 25    XL:     12   Next: 58%
Magic:  12/12      EV: 11    Int:  9    God:    Makhleb [*****.]
Gold:   1126       SH: 12    Dex: 12    Spells: 11/11 levels left

rFire    . . .     SeeInvis .   a - +1 war axe
rCold    . . .     Faith    +   c - +0 kite shield
rNeg     + + +     Spirit   .   H - +1 chain mail of Gravity {rN++}
rPois    .         Reflect  .   (no helmet)
rElec    .         Harm     .   s - +0 cloak {Will+}
rCorr    .         Rampage  +   d - +0 pair of gloves of the Desert {Rampage +Fly rN+++ Will-}
Will     +....                  D - +1 pair of boots {run}
Stlth    ..........             q - amulet of faith
HPRegen  0.00/turn              g - +4 ring of evasion
MPRegen  0.13/turn              z - +4 ring of protection

@: non-regenerating, quick
A: damage resistance, heal wounds, sense surroundings 2, no regeneration
a: Heal Wounds, Renounce Religion, Evoke Flight, Minor Destruction, Lesser
Servant of Makhleb, Major Destruction, Greater Servant of Makhleb


You were on level 1 of the Orcish Mines.
You worshipped Makhleb.
Makhleb was extremely pleased with you.
You visited 3 branches of the dungeon, and saw 15 of its levels.
You visited the Abyss 1 time.

You collected 1126 gold pieces.

Inventory:

Hand Weapons
 a - a +1 war axe (weapon)
 I - a +0 dagger of distortion
Missiles
 B - 2 throwing nets
Armour
 c - a +0 kite shield (worn)
 d - the +0 pair of gloves of the Desert (worn) {Rampage +Fly rN+++ Will-}
   (You acquired it on level 8 of the Dungeon)

   It renders you almost immune to negative energy.
   It affects your willpower, your defense against some magical effects.
   It lets you fly.
   It bestows one free step when moving towards enemies.
 s - a +0 cloak of willpower (worn)
 x - a scarf of resistance
 D - a +1 pair of boots of running (worn)
 H - the +1 chain mail of Gravity (worn) {rN++}
   (You found it on level 11 of the Dungeon)

   It greatly protects you from negative energy.
Jewellery
 e - a +6 ring of strength
 g - a +4 ring of evasion (left hand)
 q - an amulet of faith (around neck)
 z - a +4 ring of protection (right hand)
Wands
 h - a wand of acid (8) {@v1}
 w - a wand of iceblast (12) {@v2}
 y - a wand of polymorph (5)
 F - a wand of paralysis (4)
Scrolls
 i - a scroll of blinking {@r4}
 j - 7 scrolls of teleportation {@r3}
 l - a scroll of fog
 m - 7 scrolls of remove curse {@r2}
 p - 5 scrolls of identify {@r1}
 v - 3 scrolls of enchant weapon
Potions
 b - 3 potions of degeneration
 f - 5 potions of curing {@q1}
 k - 5 potions of flight
 n - 2 potions of invisibility
 o - 2 potions of berserk rage
 r - a potion of cancellation
 t - a potion of haste {@q4}
 u - a potion of ambrosia
 A - a potion of lignification
 C - 2 potions of attraction
 E - 2 potions of magic
 G - a potion of might {@q3}


   Skills:
 + Level 8.9 Fighting
 * Level 13.7 Axes
 + Level 10.4 Armour
 + Level 10.3 Shields
 + Level 8.8 Invocations


You had 11 spell levels left.
You didn't know any spells.
Your spell library was empty.

Dungeon Overview and Level Annotations

Branches:
Dungeon (13/15)            Temple (1/1) D:7            Lair (0/6) D:10
    Orc (1/2) D:9
 Vaults: D:13-14

Altars:
Ashenzari
Cheibriados
Dithmenos
Fedhas
Gozag
Hepliaklqana
Kikubaaqudgha
Makhleb
Okawaru
Qazlal
Ru
Trog
Vehumet
Wu Jian
Xom
Yredelemnul
Zin
Beogh

Shops:
D:9 *   D:10 [   D:12 (

Annotations:
D:9 exclusion: downstairs
D:12 1 runed translucent door


Innate Abilities, Weirdness & Mutations

You are resistant to damage.
You can heal yourself by infusing magical energy.
You passively map the area around you.
You do not regenerate.


Message History

The orc sorcerer is heavily wounded.
You hit the rust devil but do no damage.
You block the orc sorcerer's attack.
You miss the orc sorcerer.
The orc sorcerer is heavily wounded.
You closely miss the rust devil. The rust devil hits you.
The rust devil corrodes you!
You hit the orc sorcerer but do no damage.
The orc sorcerer is heavily wounded.
You hit the rust devil but do no damage.
The orc sorcerer closely misses you. The rust devil hits you.
The rust devil corrodes you!
You hit the orc sorcerer but do no damage.
The orc sorcerer is heavily wounded.
You barely miss the rust devil. You block the orc sorcerer's attack.
The rust devil hits you. The rust devil corrodes you!
You slash the orc sorcerer!
The orc sorcerer is almost dead.
You hit the rust devil but do no damage.
The orc sorcerer hits you but does no damage.
The rust devil hits you. The rust devil corrodes you!
You miss the orc sorcerer.
The orc sorcerer is almost dead.
You closely miss the rust devil. The orc sorcerer casts a spell at you.
You resist with almost no effort.
You closely miss the orc sorcerer.
The orc sorcerer is almost dead.
You hit the rust devil but do no damage.
You block the rust devil's attack.
You hit the orc sorcerer.
You kill the orc sorcerer!
Makhleb accepts your kill.
You can now summon a greater servant of Makhleb.
The rust devil disappears in a puff of smoke!
Things that are here:
a +1 dagger of holy wrath; a +2 robe of fire resistance; an orc corpse Unknown command.
You start waiting.
You hear the faint crackling of a very distant melting archway.
You start waiting.
You are no longer corroded.
You start waiting.
You hear the faint crackling of a very distant melting archway.
Things that are here:
a +1 dagger of holy wrath; a +2 robe of fire resistance; an orc corpse You now have 1093 gold pieces (gained 15).
You now have 1108 gold pieces (gained 15).
You now have 1119 gold pieces (gained 11).
Things that are here:
a +1 dagger of holy wrath; a +2 robe of fire resistance; an orc corpse You hear the faint crackling of a distant melting archway.
There is a staircase back to the Dungeon here.
You now have 1126 gold pieces (gained 7).
An ettin comes into view. It is wielding two +0 dire flails.
You see here 4 gold pieces.
An ettin is nearby!
An ettin is nearby!
An ettin is nearby!
An ettin is nearby!
You rampage towards the ettin!
Your chain mail of Gravity prevents you from hitting the ettin.
You hit the ettin.
The ettin is lightly wounded.
The ettin hits you with a cursed +0 dire flail.
The ettin barely misses you.
You hit the ettin.
The ettin is lightly wounded.
The ettin completely misses you. You block the ettin's attack.
You hit the ettin.
The ettin is lightly wounded.
The ettin hits you but does no damage. You block the ettin's attack.
You slash the ettin!
The ettin is moderately wounded.
You hit the ettin.
The ettin is moderately wounded.
You block the ettin's attack.
The ettin hits you with a +0 dire flail!
You slash the ettin!
The ettin is moderately wounded.
The ettin hits you with a cursed +0 dire flail!
You block the ettin's attack.
You hit the ettin.
The ettin is moderately wounded.
The ettin hits you with a cursed +0 dire flail!
The ettin hits you with a +0 dire flail!!
You hit the ettin but do no damage.
The ettin is moderately wounded.
You slash the ettin!
The ettin is heavily wounded.
The ettin closely misses you. You block the ettin's attack.
You slash the ettin!
The ettin is severely wounded.
The ettin hits you but does no damage. You block the ettin's attack.
You hit the ettin.
The ettin is severely wounded.
The ettin hits you with a cursed +0 dire flail!!
* * * LOW HITPOINT WARNING * * *
The ettin hits you with a +0 dire flail!!
You die...

* , , * #.. ,#.##
**####.. ,...# ##
##....###...#** #.
##.#....#... * *
###.####..##......, *
.#.....#...#.#...## .
,**
.......#.....#....#....
,..........#..#$@C......
,
....#....###...##.....#
.............#........#
,,
#.....##....###.....#...
*###...
#...#####..####.> ** #
#.. ##....#....###... ,
## ##. #..#..#..#.....#,
,, ##. #
#..###....##...## #..
#... #.....#.....#, *
#..


You could see an ettin.

Vanquished Creatures
  Josephine (D:11)
  A boulder beetle (D:13)
  3 two-headed ogres
  The ghost of lasso the Cleaver, a novice MiFi of Cheibriados (D:8)
  An unseen horror (D:10)
  5 wizards (D:12)
  An orc sorcerer (Orc:1)
  A deep elf mage (D:10)
  2 manticores
  Maurice (D:12)
  Psyche (D:8)
  A komodo dragon (D:12)
  4 trolls
  A hornet (D:12)
  8 slime creatures (D:12)
  Sigmund (D:5)
  8 yaks (D:11)
  2 humans (shapeshifter) (D:13)
  4 wraiths (D:11)
  A warg (D:8)
  7 orc warriors
  2 ice beasts
  4 black bears
  A sky beast (D:10)
  3 phantoms
  10 ogres
  15 centaurs
  7 bullfrogs
  A big kobold (D:10)
  A wyvern zombie (D:12)
  2 wyvern skeletons
  3 scorpions
  13 killer bees
  A wight (D:10)
  6 howler monkeys
  A vampire bat (D:4)
  5 centaur zombies
  A quasit (D:8)
  2 bullfrog zombies (D:11)
  A bullfrog skeleton (D:12)
  4 orc priests
  5 hounds
  3 jellies
  2 centaur skeletons (D:4)
  An iron imp (D:9)
  11 orc wizards
  4 iguanas
  15 worker ants
  4 hound zombies
  2 hound skeletons
  A howler monkey zombie (D:10)
  3 worker ant zombies
  2 gnolls (D:5)
  A howler monkey skeleton (D:10)
  11 adders
  A shadow imp (D:6)
  2 white imps
  2 ufetubi
  An ooze (D:3)
  An adder zombie (D:9)
  A worm (D:6)
  4 dart slugs
  4 fire bats
  7 leopard geckos
  52 orcs
  2 spectral bats (D:4)
  A ball python (D:6)
  3 bat skeletons (D:4)
  A bat zombie (D:4)
  A giant cockroach (D:4)
  4 goblins
  8 hobgoblins
  7 jackals (D:1)
  8 kobolds
  5 quokkas
  16 bats
  A bat simulacrum (D:4)
  2 frilled lizards
  A jackal skeleton (D:5)
  A quokka skeleton (D:5)
  2 rats
341 creatures vanquished.

Notes
Turn   | Place    | Note
-------+----------+-------------------------------------------
     0 | D:1      | EnegeticOcto the Deep Dwarf Fighter began the quest for the
                  | Orb.
     0 | D:1      | Reached XP level 1. HP: 20/20 MP: 1/1
   234 | D:1      | Reached XP level 2. HP: 24/27 MP: 2/2
   388 | D:2      | Reached skill level 3 in Axes
   388 | D:2      | Reached XP level 3. HP: 29/34 MP: 3/3
   497 | D:2      | Found an opulent altar of Gozag.
   686 | D:2      | Found a faded altar of an unknown god.
  1077 | D:3      | Reached XP level 4. HP: 32/42 MP: 4/4
  1241 | D:4      | Reached skill level 4 in Axes
  1258 | D:4      | Reached XP level 5. HP: 49/49 MP: 5/5
  1364 | D:4      | Reached XP level 6. HP: 44/56 MP: 6/6
  1387 | D:4      | Reached skill level 5 in Axes
  1685 | D:4      | Reached XP level 7. HP: 57/64 MP: 7/7
  1847 | D:5      | Entered Level 5 of the Dungeon
  1847 | D:5      | Noticed Sigmund
  1853 | D:5      | Reached skill level 5 in Armour
  1853 | D:5      | Reached skill level 5 in Shields
  1865 | D:5      | Killed Sigmund
  1866 | D:5      | Reached skill level 6 in Axes
  1940 | D:5      | Reached XP level 8. HP: 35/73 MP: 8/8
  1987 | D:5      | Reached skill level 7 in Axes
  2033 | D:5      | Noticed a troll
  2083 | D:5      | Killed a troll
  2084 | D:5      | Reached skill level 5 in Fighting
  2312 | D:6      | Reached skill level 8 in Axes
  2476 | D:6      | Gained mutation: You passively map the area around you.
                  | [Deep Dwarf growth]
  2476 | D:6      | Reached XP level 9. HP: 68/81 MP: 7/7
  3036 | D:7      | Reached skill level 9 in Axes
  3519 | D:7      | Found a staircase to the Ecumenical Temple.
  3527 | Temple   | Entered the Ecumenical Temple
  3687 | Temple   | Became a worshipper of Makhleb the Destroyer
  3984 | D:8      | Noticed Psyche
  3999 | D:8      | Killed Psyche
  4000 | D:8      | Reached skill level 1 in Invocations
  4310 | D:8      | Found a runed translucent gate.
  4310 | D:8      | Found a runed translucent gate.
  4310 | D:8      | Found a runed translucent gate.
  4310 | D:8      | Identified the +1 flail "Sujal" {vorpal, Dex+6}
  4310 | D:8      | Identified the cursed +1 plate armour of Gozag's
                  | Benevolence {+Fly rPois rF-}
  4311 | D:8      | Found a roughly hewn altar of Beogh.
  4313 | D:8      | Noticed lasso's ghost (novice MiFi)
  4330 | D:8      | Reached skill level 10 in Axes
  4364 | D:8      | Reached * piety under Makhleb
  4369 | D:8      | Killed lasso's ghost
  4370 | D:8      | Reached XP level 10. HP: 58/92 MP: 7/9
  4382 | D:8      | Got a pair of steaming gloves
  4387 | D:8      | Identified the cursed +0 pair of gloves of the Saviour
                  | {-Tele Regen+ Int-5 Dex+5} (You found it on level 8 of the
                  | Dungeon)
  4555 | D:8      | Identified a scroll of acquirement
  4555 | D:8      | Acquired the +0 pair of gloves of the Desert {Rampage +Fly
                  | rN+++ Will-}
  4590 | D:9      | Found Lyrony's Demolitions Depot.
  4649 | D:9      | Found a snail-covered altar of Cheibriados.
  4785 | D:9      | Found a staircase to the Orcish Mines.
  4812 | D:9      | Identified a +0 pair of boots of running (You found it on
                  | level 9 of the Dungeon)
  5150 | D:10     | Entered Level 10 of the Dungeon
  5265 | D:10     | Noticed a two-headed ogre
  5278 | D:10     | Killed a two-headed ogre
  5337 | D:10     | Reached skill level 11 in Axes
  5417 | D:10     | Reached ** piety under Makhleb
  5580 | D:10     | Noticed a two-headed ogre
  5592 | D:10     | Killed a two-headed ogre
  5593 | D:10     | Reached skill level 5 in Invocations
  5653 | D:10     | Found a snail-covered altar of Cheibriados.
  5758 | D:10     | Reached XP level 11. HP: 95/100 MP: 9/9
  5788 | D:10     | Found a staircase to the Lair.
  5831 | D:10     | Found Kohurur's Antique Armour Shop.
  5919 | D:10     | Noticed a deep elf mage
  5952 | D:10     | Killed a deep elf mage
  5960 | D:10     | Reached *** piety under Makhleb
  6010 | D:10     | Killed an unseen horror
  6225 | D:11     | Noticed Josephine
  6242 | D:11     | Killed Josephine
  6243 | D:11     | Reached skill level 12 in Axes
  6447 | D:11     | Noticed a two-headed ogre
  6453 | D:11     | Killed a two-headed ogre
  6485 | D:11     | Found a radiant altar of Vehumet.
  7036 | D:11     | Reached **** piety under Makhleb
  7064 | D:11     | Got an encrusted chain mail
  7074 | D:11     | Identified the cursed +1 chain mail of Gravity {rN++} (You
                  | found it on level 11 of the Dungeon)
  7434 | D:12     | Found a runed translucent door.
  7512 | D:12     | Noticed a wizard
  7512 | D:12     | Noticed a wizard
  7512 | D:12     | Noticed a wizard
  7513 | D:12     | Noticed a wizard
  7518 | D:12     | Killed a wizard
  7523 | D:12     | Killed a wizard
  7524 | D:12     | Killed a wizard
  7528 | D:12     | Cast into level 2 of the Abyss (a wizard)
  7542 | D:12     | Escaped the Abyss
  7558 | D:12     | Killed a wizard
  7559 | D:12     | Reached XP level 12. HP: 94/112 MP: 12/12
  7598 | D:12     | Reached skill level 13 in Axes
  7657 | D:12     | Reached skill level 10 in Armour
  7674 | D:12     | Found an iron altar of Okawaru.
  7730 | D:12     | Reached skill level 10 in Shields
  7781 | D:12     | Found a sacrificial altar of Ru.
  7965 | D:12     | Noticed Maurice
  7966 | D:12     | Paralysed by a hornet for 1 turns
  7971 | D:12     | Paralysed by a hornet for 3 turns
  7990 | D:12     | Killed Maurice
  8012 | D:12     | Found Xofonk's Weapon Shop.
  8470 | D:13     | Noticed a boulder beetle
  8541 | D:13     | Killed a boulder beetle
  8575 | D:13     | Reached ***** piety under Makhleb
  8580 | D:13     | Noticed Sonja
  8584 | D:13     | Noticed Sonja
  8584 | D:13     | Sonja changed into Sonja the fire bat
  8590 | D:13     | Killed Sonja the fire bat
  8762 | Orc:1    | Entered Level 1 of the Orcish Mines
  9019 | Orc:1    | Noticed an ettin
  9031 | Orc:1    | Slain by an ettin

Illustrated notes

Levels and vault maps discovered:
D:1:      ebering_trefoil_twist, layout_rooms, serial_bayou_pond_d,
          ebering_dispersal_statue_hall
D:2:      layout_basic, chequers_ecumenical_altar_simple, minmay_misc_feat_room,
          nrook_loot_triangle, grunt_ministairs_13,
          nicolae_gozag_cash_rules_everything_around_me
D:3:      layout_loops_ring
D:4:      layout_cave_pools, goddamned_bats
D:5:      minmay_clustersquares, layout_rooms, uniq_sigmund
D:6:      layout_loops_cross
D:7:      layout_cave_pods, minmay_temple_entry_junction
D:8:      layout_gridville, biasface_ghost_orc_armoury, corexii_hall_statues_x,
          hangedman_incinerator, uniq_psyche
D:9:      layout_basic, slow_altar_1, david_orc_2, nicolae_blasting_shop
D:10:     wad_guarded_room, layout_gridville, lair_entry_dummy, serial_shops,
          shop, cheibriados_altar_1
D:11:     layout_layer_cave, basic_altar, uniq_josephine
D:12:     minmay_wizard_corner, layout_grid_maze, serial_shops, shop,
          hangedman_feature_mirror, lightli_airlock, uniq_maurice
D:13:     layout_stronghold, uniq_snorg, uniq_sonja
Temple:   roderic_octagonal_lattice_temple
Orc:1:    layout_diamond_mine, portal_ice_cave_entry_imps, hangedman_minor_magic

Skill      XL: |  1  2  3  4  5  6  7  8  9 10 11 12 |
---------------+-------------------------------------+-----
Fighting       | 3 4 5 6 7 8 |  8.9
Axes           | 3 4 5 6 8 10 11 12 13 | 13.7
Shields        | 4 5 6 7 8 9 10 | 10.3
Armour         | 4 5 6 7 8 9 10 | 10.4
Invocations    | 2 5 7 8 |  8.8

Action                   |  1- 3 |  4- 6 |  7- 9 | 10-12 || total
-------------------------+-------+-------+-------+-------++-------
Melee: War axe           |   104 |   129 |   384 |   727 ||  1344
 Abil: Heal Wounds       |       |     2 |    14 |     9 ||    25
Evoke: Wand              |       |       |       |     4 ||     4
  Use: Scroll            |       |       |    16 |     9 ||    25
       Potion            |       |       |     1 |     1 ||     2
Armor: Scale mail        |     9 |       |       |       ||     9
       Chain mail        |    46 |    93 |   148 |   144 ||   431
       Plate armour      |       |       |       |   195 ||   195
Dodge: Dodged            |    59 |    81 |   165 |   318 ||   623
Block: Kite shield       |    71 |   105 |   265 |   453 ||   894
